 Dungeon Crawl Stone Soup version 0.19-a0-1672-g679cadd (webtiles) character file.

6684 Amnesiac the Prestidigitator (level 10, 0/65 HPs)
             Began as a Mummy Artificer on Sept 23, 2016.
             Was an Initiate of Gozag.
             Slain by a sky beast (3 damage)
             ... on level 10 of the Dungeon.
             The game lasted 00:18:24 (11723 turns).

Amnesiac the Prestidigitator (Mummy Artificer)     Turns: 11723, Time: 00:18:25

Health: 0/65       AC: 14    Str: 19      XL:     10   Next: 73%
Magic:  20/20      EV:  8    Int: 11      God:    Gozag
Gold:   308        SH:  0    Dex: 14 (16) Spells: 0 memorised, 9 levels left

rFire  x . .     SeeInvis .     B - +4 short sword
rCold  + . .     Gourm    .     i - +0 plate armour
rNeg   + + +     Faith    .     (no shield)
rPois  ∞         Spirit   .     n - +0 helmet
rElec  .         Dismiss  .     (no cloak)
rCorr  .         Reflect  .     p - +0 pair of gloves
MR     +....     Harm     .     f - +1 pair of boots {Fly}
Stlth  ..........               q - amulet of magic regeneration
                                m - +4 ring of strength
                                z - +3 ring of evasion

@: flying
A: no food or potions, fire vulnerability, cold resistance 1, negative energy
resistance 3, torment resistance, unbreathing
a: Potion Petition, Call Merchant, Bribe Branch, Renounce Religion, Stop Flying


You were on level 10 of the Dungeon.
You worshipped Gozag.
Gozag was aware of your devotion.
You were not hungry.

You visited 2 branches of the dungeon, and saw 11 of its levels.

You collected 1152 gold pieces.
You paid 844 gold pieces to Gozag.

Inventory:

Hand Weapons
 u - a +2 dagger of venom
 B - a +4 short sword (weapon)
 C - a +2 war axe of draining
Missiles
 D - a throwing net (quivered)
Armour
 f - a +1 pair of boots of flying (worn)
 i - a +0 plate armour (worn)
 n - a +0 helmet (worn)
 p - a +0 pair of gloves (worn)
 A - a +3 leather armour
Jewellery
 j - an uncursed ring of stealth
 m - a +4 ring of strength (right hand)
 q - an amulet of magic regeneration (around neck)
 z - a +3 ring of evasion (left hand)
Wands
 b - a wand of acid (4/15)
 c - a wand of flame (0/48)
 d - a wand of enslavement (15/24)
 e - a wand of random effects (8/48)
 t - a wand of acid (0/15)
 x - a wand of flame (25/48)
 y - a wand of flame (33/48)
 E - a wand of random effects (35/48)
 F - a wand of flame (20/48)
 I - a wand of iceblast (11/15)
Scrolls
 a - 9 scrolls of identify
 g - 6 scrolls of blinking
 h - 7 scrolls of remove curse
 k - a scroll of noise {unknown}
 l - 2 scrolls of enchant weapon {unknown}
 o - 2 scrolls of fear {unknown}
 r - 2 scrolls of immolation {unknown}
 s - a scroll of amnesia {unknown}
 w - 4 scrolls of teleportation {unknown}
 G - 4 scrolls of recharging {unknown}
 J - 2 scrolls of enchant armour {unknown}
 L - 2 scrolls of fog {unknown}
 M - a scroll of holy word {unknown}
Books
 v - a book of the Earth

   Spells                             Type                      Level
   a - Leda's Liquefaction            Hexes/Earth                  4
   b - Bolt of Magma                  Conjuration/Fire/Earth       5
   c - Statue Form                    Transmutation/Earth          6
   d - Iron Shot                      Conjuration/Earth            6
   e - Shatter                        Earth                        9
 H - a book of the Dragon

   Spells                             Type                      Level
   a - Flame Tongue                   Conjuration/Fire             1
   b - Cause Fear                     Hexes                        4
   c - Bolt of Fire                   Conjuration/Fire             6
   d - Dragon Form                    Transmutation                7
   e - Dragon's Call                  Summoning                    9
 K - a Grand Grimoire

   Spells                             Type                      Level
   a - Monstrous Menagerie            Summoning                    7
   b - Summon Greater Demon           Summoning                    7
   c - Malign Gateway                 Summoning/Translocation      7
   d - Summon Horrible Things         Summoning                    8
 N - a Young Poisoner's Handbook

   Spells                             Type                      Level
   a - Sting                          Conjuration/Poison           1
   b - Mephitic Cloud                 Conjuration/Poison/Air       3
   c - Olgreb's Toxic Radiance        Poison                       4
   d - Alistair's Intoxication        Transmutation/Poison         5
   e - Venom Bolt                     Conjuration/Poison           5


   Skills:
 - Level 1.0 Fighting
 - Level 0.7 Short Blades
 - Level 1.5 Dodging
 - Level 0.7 Stealth
 + Level 13.5 Evocations


You had 9 spell levels left.
You didn't know any spells.

Dungeon Overview and Level Annotations

Branches:
Dungeon (10/15)            Temple (1/1) D:5             Orc (0/2) D:10
   Lair: D:8-11

Altars:
Ashenzari
Cheibriados
Dithmenos
Elyvilon
Fedhas
Gozag
Hepliaklqana
Kikubaaqudgha
Makhleb
Nemelex Xobeh
Okawaru
Qazlal
Ru
Sif Muna
Trog
Uskayaw
Vehumet
Xom
Yredelemnul
Zin
The Shining One

Shops:
D:9 *


Innate Abilities, Weirdness & Mutations

You do not eat or drink.
Your flesh is vulnerable to fire.
You are immune to poison.
Your flesh is cold resistant. (rC+)
You are immune to negative energy. (rN+++)
You are immune to unholy pain and torment.
You can survive without breathing.


Message History

The sky beast is moderately wounded.
The sky beast barely misses you.
You puncture the sky beast!
The sky beast is heavily wounded.
The sky beast hits you but does no damage.
You hit the sky beast.
The sky beast is heavily wounded.
The sky beast flickers out of sight!
Deactivating autopickup; reactivate with Ctrl-A.
Something hits you.
* * * LOW HITPOINT WARNING * * *
Something shocks you.
* * * LOW HITPOINT WARNING * * *
You closely miss something. Something hits you.
* * * LOW HITPOINT WARNING * * *
Something shocks you.
* * * LOW HITPOINT WARNING * * *
Something hits you.
You die...
Your body crumbles into a pile of gold.

.## ..P...[.P #'
#....P....P. ...
.P.....PP. ..##
#######..P.P... .+#####
.'.# #.............
........ #..#
#.........#.' .........
#..
#......{W.#.#..........
#.##.....@...#$#..........
#..$$..$....$'.#..........
####.........###..........
#.........# ..........
########'## ..........
#####..## ....}.....
##.#.#.#$## ######'##
#.........# #.#
##.#.#.#.## #.#


You could see a phantom.

Vanquished Creatures
  An unseen horror (D:10)
  The ghost of Ankalagon the Carver, a novice TeCK of Xom (D:6)
  Grinder (D:5)
  3 hippogriffs
  A two-headed ogre (D:9)
  Sigmund (D:5)
  A wyvern (D:9)
  4 hogs (D:7)
  A human (D:7)
  The ghost of Ankalagon the Chopper, an amateur TeCK of Xom (D:4)
  3 wargs
  2 orc warriors
  3 sky beasts
  4 ice beasts
  2 necrophages
  3 phantoms
  2 centaurs
  2 ogres
  3 crocodiles (D:10)
  A gnoll sergeant (D:9)
  A wyvern skeleton (D:8)
  3 scorpions
  4 killer bees (D:10)
  2 howler monkeys
  4 crimson imps
  2 quasits (D:10)
  A centaur zombie (D:7)
  2 orc priests
  3 hounds
  Jessica (D:3)
  4 iguanas
  9 orc wizards
  7 worker ants
  2 worker ant zombies
  Robin (D:3)
  5 adders
  3 gnolls
  2 river rats (D:10)
  3 oozes
  An adder skeleton (D:8)
  An adder zombie (D:5)
  3 worms
  5 dart slugs
  6 leopard geckos
  21 orcs
  6 giant cockroaches
  9 hobgoblins
  17 jackals
  3 quokkas
  2 ball pythons
  13 bats
  7 frilled lizards
  15 goblins
  A jackal skeleton (D:4)
  7 kobolds
  A quokka skeleton (D:5)
  15 rats
232 creatures vanquished.

Vanquished Creatures (others)
  10 fungi (D:10)
  4 plants (D:10)
14 creatures vanquished.

Grand Total: 246 creatures vanquished

Notes
Turn   | Place    | Note
-------+----------+-------------------------------------------
     0 | D:1      | Amnesiac the Mummy Artificer began the quest for the Orb.
     0 | D:1      | Reached XP level 1. HP: 15/15 MP: 2/2
    72 | D:1      | Reached XP level 2. HP: 3/21 MP: 4/4
   331 | D:1      | Reached skill level 3 in Evocations
   642 | D:2      | Reached XP level 3. HP: 17/26 MP: 5/5
  1160 | D:3      | Reached skill level 4 in Evocations
  1160 | D:3      | Reached XP level 4. HP: 26/32 MP: 5/7
  1290 | D:3      | Noticed Jessica
  1307 | D:3      | Killed Jessica
  1320 | D:3      | Noticed Robin
  1352 | D:3      | Killed Robin
  1630 | D:4      | Noticed Ankalagon's ghost (amateur TeCK)
  1810 | D:4      | Killed Ankalagon's ghost
  1810 | D:4      | Reached skill level 5 in Evocations
  1810 | D:4      | Reached XP level 5. HP: 18/37 MP: 7/9
  2335 | D:4      | Reached XP level 6. HP: 31/43 MP: 10/10
  2361 | D:4      | Reached skill level 6 in Evocations
  2888 | D:5      | Entered Level 5 of the Dungeon
  2888 | D:5      | Noticed Grinder
  2891 | D:5      | Killed Grinder
  2891 | D:5      | Reached XP level 7. HP: 48/48 MP: 10/12
  2918 | D:5      | Reached skill level 7 in Evocations
  3218 | D:5      | Noticed Sigmund
  3219 | D:5      | Killed Sigmund
  3220 | D:5      | Found a staircase to the Ecumenical Temple.
  3252 | D:5      | Reached skill level 8 in Evocations
  3260 | Temple   | Entered the Ecumenical Temple
  4039 | D:3      | Reached XP level 8. HP: 52/54 MP: 14/14
  4324 | D:3      | Found a sparkling altar of Nemelex Xobeh.
  4957 | D:5      | Reached skill level 9 in Evocations
  5067 | D:6      | Found a sacrificial altar of Ru.
  5263 | D:6      | Found a hazy altar of Hepliaklqana.
  5368 | D:6      | Noticed Ankalagon's ghost (novice TeCK)
  5404 | D:6      | Killed Ankalagon's ghost
  5404 | D:6      | Reached skill level 10 in Evocations
  5565 | D:6      | Reached XP level 9. HP: 55/59 MP: 16/16
  5995 | D:7      | Found a shadowy altar of Dithmenos.
  6291 | D:7      | Found a radiant altar of Vehumet.
  6293 | D:7      | Found a stormy altar of Qazlal.
  6295 | D:7      | Found an opulent altar of Gozag.
  6304 | D:7      | Became a worshipper of Gozag Ym Sagoz the Greedy
  7589 | D:7      | Reached skill level 11 in Evocations
  8613 | D:8      | Reached skill level 12 in Evocations
  8712 | D:8      | Reached XP level 10. HP: 41/65 MP: 19/19
  8890 | D:8      | Found a white marble altar of Elyvilon.
  9928 | D:10     | Entered Level 10 of the Dungeon
  9932 | D:10     | Found a staircase to the Orcish Mines.
 10820 | D:10     | Killed an unseen horror
 10820 | D:10     | Reached skill level 13 in Evocations
 11723 | D:10     | HP: 3/65 [something (5)]
 11723 | D:10     | Slain by a sky beast

Vault maps used:
D:1:      evilmike_arrival_rings, minmay_vboxes
D:2:      first_bread
D:3:      minmay_diamond_boxcup, minmay_misc_feat_four_crosses,
          nemelex_dance_club_becter, uniq_robin, uniq_jessica
D:4:      uniq_sigmund
D:5:      wad_crossroads, uniq_grinder
D:6:      kennysheep_little_box, hangedman_ru_absence
D:7:      lemuel_crystal_altar, grunt_temple_overflow_open, grunt_livestock
D:8:      old_standard_altar
D:10:     grunt_lair_entry_orc_guard_hut, minmay_orc_entry_guard_dogs,
          st_stairs_9
Temple:   zaba_magenta_temple

Skill      XL: |  1  2  3  4  5  6  7  8  9 10 |
---------------+-------------------------------+-----
Evocations     | 3 4 5 6 8 10 12 13 | 13.5
Fighting       | |  1.0
Short Blades   | |  0.7
Dodging        | |  1.5
Stealth        | |  0.7

Action                   |  1- 3 |  4- 6 |  7- 9 | 10-12 || total
-------------------------+-------+-------+-------+-------++-------
Melee: Short sword       |   111 |    44 |     7 |   107 ||   269
       Club              |       |    66 |       |       ||    66
       Quarterstaff      |       |    46 |    59 |       ||   105
       Dagger            |       |       |   774 |   244 ||  1018
Invok: Call Merchant     |       |       |       |     1 ||     1
Evoke: Wand              |     3 |     6 |    10 |    16 ||    35
  Use: Scroll            |     2 |     1 |       |       ||     3
 Stab: Distracted        |       |       |       |     2 ||     2
Armor: Leather armour    |     3 |       |       |       ||     3
       Chain mail        |    63 |       |       |       ||    63
       Plate armour      |    10 |   159 |   547 |   317 ||  1033
Dodge: Dodged            |    33 |    64 |   298 |   202 ||   597
